AoeStats
← [NOE] Jupiter

Nomad

510100160Analyzed
2v2 RM · 4d ago on Sep 29, 2026· 16m 48s· 4 players
Game mode
Random Map
Map size
176×176
Population
200
Speed
Normal
Resources
Standard
Victory
Conquest
Starting age
Dark Age
Ending age
Imperial Age
RankedLock teamsTeams togetherTeam positionsShared explorationLock speedFull tech treeHidden civsTurbo modeCheats
Victory
Defeat
🇫🇷 Magyars · France
1466
+13
🇫🇷 Dravidians · France
1444
+14
🇺🇸 Portuguese · United States
1425
-14
🇮🇳 Lithuanians · India
1379
-13
LAZYMONK98
12:33 Feudal Age
Azwad
4:50 Loom
12:37 Feudal Age
13:03 Double-Bit Axe
13:09 Gold Mining
14:35 Town Watch
17:07 Wheelbarrow
[NOE] Jupiter
6:47 Loom
13:47 Feudal Age
14:46 Town Watch
17:27 Castle Age
16:03 Double-Bit Axe
16:47 Fishing Lines
[NOE] Lyrendir
4:53 Loom
12:18 Feudal Age
13:48 Double-Bit Axe
14:48 Fishing Lines
16:00 Wheelbarrow
16:15 Horse Collar
Connection lost

Rejoining the realm…

Still unreachable

The connection could not be restored.

Session expired

The server has moved on; the page needs a fresh start.